 Dungeon Crawl Stone Soup version 0.20.1-1-g8b1a95d (webtiles) character file.

6283 Chaoticas the Grappler (level 10, -12/102 HPs)
             Began as a Troll Berserker on July 16, 2017.
             Was a High Priest of Trog.
             Mangled by a nine-headed hydra (16 damage)
             ... on level 9 of the Dungeon.
             The game lasted 00:31:00 (8839 turns).

Chaoticas the Grappler (Troll Berserker)            Turns: 8839, Time: 00:31:02

Health: -12/102    AC:  7    Str: 28    XL:     10   Next: 63%
Magic:  9/9        EV: 12    Int:  5    God:    Trog [*****.]
Gold:   633        SH:  0    Dex:  9    Spells: 9/9 levels left

rFire    . . .     SeeInvis .     - Unarmed
rCold    . . .     Gourm    +   (no shield)
rNeg     . . .     Faith    .   a - +0 animal skin
rPois    .         Spirit   .   (helmet restricted)
rElec    .         Reflect  .   w - +1 cloak
rCorr    .         Harm     .   (gloves unavailable)
MR       +++..                  (boots unavailable)
Stlth    +.........             (no amulet)
Regen    1.7/turn               A - ring of protection from magic
MPRegen  0.2/turn               (no ring)

@: confused, berserk cooldown, regenerating, slowed, very slow
A: unfitting armour, claws 3, fast metabolism 3, gourmand, regeneration 1,
shaggy fur 1, tough skin 2
a: Berserk, Trog's Hand, Brothers in Arms, Burn Spellbooks, Renounce Religion


You were on level 9 of the Dungeon.
You worshipped Trog.
Trog was extremely pleased with you.
You were very full.

You visited 2 branches of the dungeon, and saw 10 of its levels.

You collected 633 gold pieces.

Inventory:

Hand Weapons
 K - a +4 fustibalus of freezing {god gift}
   (Trog gifted it to you on level 9 of the Dungeon)
 L - a +0 giant spiked club
   (You took it off an ogre on level 9 of the Dungeon)
Missiles
 c - 350 stones
 y - 19 tomahawks (quivered)
Armour
 a - a +0 animal skin (worn)
 w - a +1 cloak (worn)
   (You took it off Crazy Yiuf on level 4 of the Dungeon)
Jewellery
 o - an uncursed ring of ice
   (You found it on level 2 of the Dungeon)
 A - a ring of protection from magic (left claw)
   (You took it off an orc on level 6 of the Dungeon)
Wands
 g - a wand of random effects (18/48)
   (You took it off an orc on level 6 of the Dungeon)
 l - a wand of disintegration (10/24)
   (You found it on level 9 of the Dungeon)
 B - a wand of lightning (6/15)
   (You found it on level 5 of the Dungeon)
 C - a wand of digging (17/24)
   (You found it on level 6 of the Dungeon)
 D - a wand of paralysis (12/24)
   (You found it on level 6 of the Dungeon)
Scrolls
 d - 3 scrolls of remove curse
 f - 4 scrolls of teleportation
 i - 4 scrolls of enchant armour
 p - 3 scrolls of fog
 s - 2 scrolls of blinking
 x - 2 scrolls of immolation
 F - 3 scrolls of identify
 G - a scroll of recharging {unknown}
 I - a scroll of holy word {unknown}
Potions
 e - a potion of ambrosia
 h - a potion of mutation {unknown}
 k - 6 potions of curing
 m - 2 potions of brilliance
 n - a potion of degeneration {unknown}
 q - 3 potions of agility
 r - a potion of resistance {unknown}
 u - 2 potions of might
 v - a potion of berserk rage {unknown}
 E - a potion of magic {unknown}
 H - 2 potions of flight {unknown}
 M - a potion of heal wounds {unknown}
 N - a potion of haste
Comestibles
 b - 8 bread rations
 j - 7 royal jellies
 t - 4 fruits
 z - 8 meat rations
 J - 12 chunks of flesh


   Skills:
 * Level 7.3 Fighting
 * Level 5.4 Throwing
 * Level 7.1 Dodging
 - Level 10.2 Unarmed Combat


You had 9 spell levels left.
You didn't know any spells.

Dungeon Overview and Level Annotations

Branches:
Dungeon (9/15)             Temple (1/1) D:6             Orc (0/2) D:9
   Lair: D:8-11

Altars:
Ashenzari
Cheibriados
Dithmenos
Elyvilon
Fedhas
Gozag
Hepliaklqana
Kikubaaqudgha
Makhleb
Nemelex Xobeh
Okawaru
Qazlal
Ru
Sif Muna
Trog
Uskayaw
Vehumet
Xom
Yredelemnul
Zin
The Shining One
Beogh

Shops:
D:8 *!(?}


Innate Abilities, Weirdness & Mutations

You are too large for most types of armour.
You have claws for hands.
Your metabolism is lightning-fast.
You like to eat raw meat.
Your natural rate of healing is unusually fast.
You are covered in fur. (AC +1)
You have very tough skin. (AC +2)


Message History

The six-headed hydra closely misses you.
The six-headed hydra completely misses you.
The six-headed hydra bites you!
* * * LOW HITPOINT WARNING * * *
You tear one of the six-headed hydra's heads off!
The five-headed hydra grows two more!
You mangle the seven-headed hydra!!
The seven-headed hydra is almost dead.
The seven-headed hydra bites you but does no damage. x2
The seven-headed hydra bites you!
* * * LOW HITPOINT WARNING * * *
The seven-headed hydra bites you but does no damage.
The seven-headed hydra closely misses you.
The seven-headed hydra bites you but does no damage.
The seven-headed hydra misses you.
You claw one of the seven-headed hydra's heads off!
The six-headed hydra grows two more!
You claw the eight-headed hydra!
The eight-headed hydra is almost dead.
The yak gores you!
* * * LOW HITPOINT WARNING * * *
Unknown command.
You rip one of the eight-headed hydra's heads off!
The seven-headed hydra grows two more!
You claw the nine-headed hydra!
The nine-headed hydra is almost dead.
The nine-headed hydra bites you!
* * * LOW HITPOINT WARNING * * *
The nine-headed hydra bites you!
* * * LOW HITPOINT WARNING * * *
The nine-headed hydra bites you.
* * * LOW HITPOINT WARNING * * *
The nine-headed hydra bites you but does no damage.
The nine-headed hydra barely misses you.
The nine-headed hydra misses you.
The nine-headed hydra closely misses you.
The nine-headed hydra barely misses you.
The nine-headed hydra bites you.
* * * LOW HITPOINT WARNING * * *
You feel a strong urge to attack something.
You feel your anger subside.
You are no longer berserk.
You are exhausted.
You feel yourself slow down.
You are confused.
You feel invigorated.
You're too confused to move!
The nine-headed hydra bites you!
* * * LOW HITPOINT WARNING * * *
The nine-headed hydra bites you!
* * * LOW HITPOINT WARNING * * *
The nine-headed hydra bites you but does no damage.
The nine-headed hydra bites you!
You die...

#..####.# #..P..≈≈P#
#<....$.# #.%..%P≈≈#
..####### #...Y..≈P# ...#
#.≈.W.≈PP# ...## #######
####K## _...# #.....#
#####YW(..# ....# #.###.#
#.YY.YK...#
....###.###.####D###Y>...#
#..........#....@# #.....#
#.#####.#.#.###### ###.###
#.#####.#.### #.#
#.##....#.# #.#
..##.####.#......... ...
#.......#.#........# ..
...#.##.#.#........# .
...#.# #..........#.##.
...#.. #........#....


You could see a nine-headed hydra and a dream sheep.

Vanquished Creatures
  A centaur warrior (D:9)
  Pikel (D:4)
  The ghost of Dharilos the Conjurer, a novice HuCj of Vehumet (D:5)
  A dream sheep (D:9)
  Sigmund (D:4)
  5 orc warriors
  An ice beast (D:9)
  A slave (D:4)
  A phantom (D:8)
  A sky beast (D:9)
  The ghost of Chaoticas the Slasher, an amateur MiFi (D:3)
  A necrophage (D:7)
  4 centaurs
  5 ogres
  2 big kobolds
  3 bullfrogs
  A gnoll sergeant (D:9)
  A water moccasin skeleton (D:7)
  8 scorpions
  3 killer bees (D:9)
  11 howler monkeys
  A crimson imp (D:5)
  A jelly (D:6)
  5 hounds
  2 bullfrog zombies (D:5)
  5 orc priests
  A centaur skeleton (D:4)
  13 orc wizards
  Crazy Yiuf (D:4)
  4 iguanas
  4 worker ants
  A hound skeleton (D:6)
  A worker ant zombie (D:9)
  11 adders
  4 gnolls (D:9)
  2 oozes
  An adder zombie (D:6)
  3 adder skeletons
  2 worms (D:2)
  2 dart slugs
  9 leopard geckos
  72 orcs
  7 giant cockroaches
  8 goblins
  8 hobgoblins
  18 jackals
  3 quokkas
  A ball python (D:6)
  11 bats
  5 frilled lizards
  A giant cockroach zombie (D:5)
  A jackal skeleton (D:8)
  A jackal zombie (D:5)
  19 kobolds
  A leopard gecko zombie (D:5)
  A quokka zombie (D:8)
  5 rats
289 creatures vanquished.

Vanquished Creatures (others)
  4 fungi (D:7)
4 creatures vanquished.

Grand Total: 293 creatures vanquished

Notes
Turn   | Place    | Note
-------+----------+-------------------------------------------
     0 | D:1      | Chaoticas the Troll Berserker began the quest for the Orb.
     0 | D:1      | Reached XP level 1. HP: 22/22 MP: 0/0
   382 | D:1      | Reached XP level 2. HP: 26/29 MP: 1/1
   621 | D:1      | Reached skill level 4 in Unarmed Combat
   990 | D:2      | Reached XP level 3. HP: 36/36 MP: 2/2
  1072 | D:2      | Reached ** piety under Trog
  1201 | D:2      | Reached XP level 4. HP: 44/44 MP: 3/3
  1305 | D:2      | Reached skill level 5 in Unarmed Combat
  1738 | D:3      | HP: 22/44 [something (6)]
  1743 | D:3      | Reached XP level 5. HP: 16/50 MP: 4/4
  1744 | D:3      | HP: 16/50 [poisoned by an adder]
  1751 | D:3      | HP: 14/50 [poisoned by an adder]
  1759 | D:3      | HP: 16/50 [poisoned by an adder]
  1902 | D:3      | Noticed Chaoticas's ghost (amateur MiFi)
  1902 | D:3      | Chaoticas's ghost turns its malevolent gaze towards you.
  1913 | D:3      | HP: 24/50 [jackal (2)]
  1915 | D:3      | Killed Chaoticas's ghost
  1915 | D:3      | Reached skill level 6 in Unarmed Combat
  1918 | D:3      | HP: 12/50 [jackal (2)]
  1929 | D:3      | HP: 12/50 [adder (3)]
  1934 | D:3      | HP: 11/50 [poisoned by an adder]
  1942 | D:3      | HP: 13/50 [poisoned by an adder]
  2054 | D:3      | Reached *** piety under Trog
  2086 | D:3      | Reached XP level 6. HP: 53/59 MP: 5/5
  2322 | D:3      | Reached skill level 7 in Unarmed Combat
  2776 | D:4      | Found a runed door.
  2780 | D:4      | Noticed Crazy Yiuf
  2783 | D:4      | Killed Crazy Yiuf
  2960 | D:4      | Noticed Sigmund
  2968 | D:4      | Killed Sigmund
  2968 | D:4      | Reached skill level 8 in Unarmed Combat
  2968 | D:4      | Reached XP level 7. HP: 66/66 MP: 6/6
  3033 | D:4      | Reached **** piety under Trog
  3062 | D:4      | Noticed Pikel
  3090 | D:4      | Killed Pikel
  3090 | D:4      | Reached skill level 10 in Unarmed Combat
  3090 | D:4      | Reached XP level 8. HP: 49/74 MP: 7/7
  3132 | D:4      | Found a white marble altar of Elyvilon.
  3527 | D:5      | Entered Level 5 of the Dungeon
  3537 | D:5      | Reached skill level 3 in Dodging
  3544 | D:5      | Reached skill level 1 in Throwing
  3569 | D:5      | Reached skill level 3 in Fighting
  3672 | D:5      | Found a glowing drain.
  3853 | D:5      | Found a radiant altar of Vehumet.
  4312 | D:5      | Noticed Dharilos's ghost (novice HuCj)
  4312 | D:5      | Dharilos's ghost turns its malevolent gaze towards you.
  4323 | D:5      | Killed Dharilos's ghost
  4323 | D:5      | Reached skill level 4 in Fighting
  4323 | D:5      | Reached skill level 2 in Throwing
  4323 | D:5      | Reached skill level 4 in Dodging
  4323 | D:5      | Reached XP level 9. HP: 84/84 MP: 8/8
  4607 | D:5      | Identified a book of Changes
  4697 | D:6      | Found a sacrificial altar of Ru.
  5005 | D:6      | Found a burning altar of Makhleb.
  5033 | D:6      | Found a runed door.
  5173 | D:6      | Reached ***** piety under Trog
  5190 | D:6      | Reached skill level 5 in Fighting
  5190 | D:6      | Reached skill level 5 in Dodging
  5270 | D:6      | Found a roughly hewn altar of Beogh.
  5429 | D:6      | Reached skill level 3 in Throwing
  5430 | D:6      | Found a staircase to the Ecumenical Temple.
  5493 | Temple   | Entered the Ecumenical Temple
  6256 | D:7      | Reached skill level 6 in Fighting
  6854 | D:7      | Reached skill level 6 in Dodging
  6990 | D:8      | Found Uxuxuz's Gadget Boutique.
  7112 | D:8      | Identified a book of Flames
  7122 | D:8      | Found a shattered altar of Ashenzari.
  7141 | D:8      | Reached XP level 10. HP: 98/100 MP: 9/9
  7276 | D:8      | Found Nucyd's Assorted Antiques.
  7341 | D:8      | Found Faydy's Distillery.
  7360 | D:8      | Found Henlau's Weapon Boutique.
  7421 | D:8      | Found Uhiulast's Magic Scroll Shoppe.
  8042 | D:9      | Found a bloodstained altar of Trog.
  8062 | D:9      | Received a gift from Trog
  8062 | D:9      | Reached skill level 4 in Throwing
  8230 | D:9      | HP: 49/100 [something (6)]
  8341 | D:9      | Noticed a centaur warrior
  8347 | D:9      | HP: 45/100 [centaur warrior/arrow (8)]
  8352 | D:9      | HP: 43/100 [centaur warrior (5)]
  8354 | D:9      | Killed a centaur warrior
  8354 | D:9      | Reached skill level 7 in Fighting
  8354 | D:9      | Reached skill level 5 in Throwing
  8381 | D:9      | HP: 49/102 [adder (1)]
  8587 | D:9      | HP: 45/102 [centaur/arrow (8)]
  8593 | D:9      | HP: 43/102 [killer bee (4)]
  8599 | D:9      | HP: 43/102 [poisoned by a killer bee]
  8604 | D:9      | HP: 45/102 [poisoned by a killer bee]
  8611 | D:9      | HP: 47/102 [poisoned by a killer bee]
  8619 | D:9      | HP: 51/102 [poisoned by a killer bee]
  8628 | D:9      | HP: 34/102 [ogre/giant club (23)]
  8651 | D:9      | HP: 46/102 [orc/war axe (3)]
  8656 | D:9      | Found a staircase to the Orcish Mines.
  8775 | D:9      | Reached skill level 7 in Dodging
  8807 | D:9      | Noticed a three-headed hydra
  8825 | D:9      | HP: 39/102 [six-headed hydra (15)]
  8830 | D:9      | HP: 46/153 [seven-headed hydra (10)]
  8832 | D:9      | HP: 11/153 [nine-headed hydra (16)]
  8832 | D:9      | HP: 5/153 [nine-headed hydra (6)]
  8832 | D:9      | HP: 2/153 [nine-headed hydra (3)]
  8839 | D:9      | HP: 20/102 [nine-headed hydra (11)]
  8839 | D:9      | HP: 4/102 [nine-headed hydra (16)]
  8839 | D:9      | Mangled by a nine-headed hydra

Skill      XL: |  1  2  3  4  5  6  7  8  9 10 |
---------------+-------------------------------+-----
Unarmed Combat | 4 5 6 8 10 | 10.2
Dodging        | 4 6 7 |  7.1
Throwing       | 2 3 5 |  5.4
Fighting       | 4 6 7 |  7.3

Action                   |  1- 3 |  4- 6 |  7- 9 | 10-12 || total
-------------------------+-------+-------+-------+-------++-------
Melee: Unarmed           |   113 |   173 |   338 |   148 ||   772
       Punch             |       |     3 |    12 |     5 ||    20
       Fustibalus        |       |       |       |    15 ||    15
 Fire: Fustibalus        |       |       |       |     1 ||     1
Throw: Tomahawk          |       |       |       |    11 ||    11
Invok: Berserk           |       |     1 |     2 |     1 ||     4
       Trog's Hand       |       |       |     3 |     1 ||     4
       Burn Spellbooks   |       |       |     2 |       ||     2
  Use: Scroll            |       |     6 |     9 |       ||    15
       Potion            |       |       |       |     1 ||     1
  Eat: Chunk             |    15 |    18 |    41 |    16 ||    90
Armor: Animal skin       |    44 |    62 |   102 |    52 ||   260
Dodge: Dodged            |    52 |    90 |   179 |    93 ||   414
